[Event "Budapest Chess Festival 2024"]
[Site "Budapest"]
[Date "2024.05.24"]
[Round "2.5"]
[White "Borgaonkar, Akshay"]
[Black "Prohaszka, Peter"]
[Result "1/2-1/2"]
[ECO "C70"]
[WhiteElo "2372"]
[BlackElo "2581"]
[Annotator "TA"]
[PlyCount "42"]
[EventDate "2024.05.20"]
[EventType "swiss"]
[EventCountry "HUN"]
[SourceTitle "playchess.com"]
[Source "ChessBase"]
[SourceQuality "1"]
[TimeControl "40/5400+30:1800+30"]

1. e4 e5 2. Nf3 Nc6 3. Bb5 a6 4. Ba4 Bc5 5. O-O Nge7 6. c3 (6. Nxe5 $5 Nxe5 7. d4 $14) 6... Ng6 7. d4 Ba7 8. Bg5 f6 {[%emt 0:00:07] White is slightly better.} 9. Be3 O-O 10. Nbd2 Kh8 11. Re1 exd4 12. Nxd4 Nxd4 13. cxd4 d5 14. Qh5 {[%emt 0:05:38] [#]} (14. exd5 {simplifies} Ne7 15. Bc2 Bf5 16. Bxf5 Nxf5 17. Qb3) 14... c5 $1 15. Nf3 (15. Qxd5 $2 {is the wrong capture.} cxd4 16. Nf1 (16. Qxd8 $2 Rxd8 17. Nf1 dxe3 $19) 16... dxe3 $19) (15. dxc5 $2 d4 16. Bh6 gxh6 $19) 15... cxd4 16. Bd2 Bd7 17. Bc2 ({Much weaker is} 17. Bxd7 Qxd7 18. Qxd5 Qxd5 19. exd5 Rfd8 $15) 17... Qc8 18. Rac1 {[%emt 0:02:38] [#] Black must now prevent h3.} Bg4 19. Qxd5 Rd8 20. Bd1 Qd7 21. Qxd7 Rxd7 {[%emt 0:05:07] Weighted Error Value: White=0.07 (flawless) /Black=0.06 (flawless) .  Inaccurate:     	White=3     	---        OK:         	White=10    	Black=5      Best:        	---       	Black=1} 1/2-1/2

[Event "Budapest Chess Festival 2024"]
[Site "Budapest"]
[Date "2024.05.24"]
[Round "2.6"]
[White "Dragnev, Valentin"]
[Black "Goroshkov, Maksym"]
[Result "1-0"]
[ECO "C84"]
[WhiteElo "2566"]
[BlackElo "2371"]
[Annotator "RC"]
[PlyCount "163"]
[EventDate "2024.05.20"]
[EventType "swiss"]
[EventCountry "HUN"]
[SourceTitle "playchess.com"]
[Source "ChessBase"]
[SourceQuality "1"]
[TimeControl "40/5400+30:1800+30"]

1. e4 e5 2. Nf3 Nc6 3. Bb5 a6 4. Ba4 Nf6 5. O-O Be7 6. d3 b5 7. Bb3 d6 8. c3 O-O 9. a4 Bb7 10. Ba2 d5 11. Nbd2 dxe4 12. Nxe4 Qd7 13. Bg5 Rad8 14. Nxf6+ Bxf6 15. Bxf6 gxf6 16. Nh4 Kh8 17. Qh5 Rg8 18. Qh6 Qe7 19. Rfe1 Bc8 20. axb5 axb5 21. d4 Rd6 22. Qh5 Bg4 23. Qxf7 Qxf7 24. Bxf7 Rf8 25. dxe5 fxe5 26. Re4 Bd1 27. Nf5 Rd2 28. Ne3 Bc2 29. Nxc2 Rxf7 30. Ra8+ Kg7 31. Rg4+ Kf6 32. Ne3 Ke7 33. f3 Rxb2 34. h4 Rd2 35. h5 Rd3 36. Kf2 Rd2+ 37. Kg3 Rd3 38. Kf2 Rd2+ 39. Ke1 Rd8 40. Rxd8 Nxd8 41. Rg8 Ne6 42. Rb8 c6 43. c4 bxc4 44. Nxc4 Kf6 45. Nd6 Ra7 46. Ne4+ Kf7 47. Rc8 Ra1+ 48. Kf2 Ra2+ 49. Kf1 Ra1+ 50. Kf2 Ra2+ 51. Kg1 Rc2 52. Ra8 Nf4 53. Ra7+ Kf8 54. g4 Ne2+ 55. Kf1 Nd4 56. g5 Nxf3 57. h6 Nh2+ 58. Ke1 Rc4 59. Nd6 Rg4 60. Rf7+ Kg8 61. Rg7+ Kf8 62. Rf7+ Kg8 63. Rg7+ Kf8 64. Ke2 e4 65. Rf7+ Kg8 66. Re7 Rg2+ 67. Ke3 Nf1+ 68. Kd4 c5+ 69. Kc4 Ne3+ 70. Kb3 c4+ 71. Ka3 Rf2 72. Rg7+ Kf8 73. Rxh7 c3 74. g6 c2 75. g7+ Ke7 76. g8=Q+ Kxd6 77. Qg3+ Ke6 78. Qg6+ Kd5 79. Rd7+ Kc5 80. Qd6+ Kb5 81. Qb4+ Kc6 82. Rd6+ 1-0

[Event "Budapest Chess Festival 2024"]
[Site "Budapest"]
[Date "2024.05.24"]
[Round "2.7"]
[White "Kadric, Denis"]
[Black "Arhan, Chethan Anand"]
[Result "1-0"]
[ECO "B28"]
[WhiteElo "2558"]
[BlackElo "2366"]
[Annotator "TA"]
[PlyCount "47"]
[EventDate "2024.05.20"]
[EventType "swiss"]
[EventCountry "HUN"]
[SourceTitle "playchess.com"]
[Source "ChessBase"]
[SourceQuality "1"]
[TimeControl "40/5400+30:1800+30"]

1. e4 c5 2. Nf3 a6 3. Nc3 b5 4. g3 Bb7 5. Bg2 b4 6. Na4 Qa5 7. c4 Bxe4 8. O-O {[%emt 0:00:10] White has an edge.} Nf6 9. Re1 (9. a3 $5) 9... Bc6 (9... Nc6 $11 {remains equal.}) 10. b3 $16 e6 11. d4 cxd4 12. Nxd4 Bxg2 13. Kxg2 Qh5 14. Bf4 {[%emt 0:13:00][%mdl 1024] White has compensation.} Be7 (14... Qxd1 $14 15. Raxd1 Nc6) 15. Nb6 Ra7 16. Nc8 {[%emt 0:01:16] White is much more active.} ({Much less strong is} 16. Bxb8 Qxd1 17. Raxd1 Rb7 $16) ({Don't play} 16. Qxh5 $6 Nxh5 17. Bxb8 Rb7 $14) 16... Ra8 $2 {[%emt 0:02:44] This costs Black the game.} (16... Qxd1 $16 {was worth a try.} 17. Raxd1 Ra8) 17. Qd3 {[%emt 0:07:40] Threatens to win with Nxe7.} Qc5 (17... Ng4) 18. Nxe7 $18 Qxe7 19. Qf3 d5 20. Nf5 Qd8 21. Nxg7+ Kf8 22. Bh6 Kg8 {[%emt 0:00:05] [#]} 23. Ne8 $1 Nbd7 {[%emt 0:00:48] [#]} (23... Ne4 24. Rxe4) 24. Re5 $3 {[%emt 0:00:05][%mdl 512] Weighted Error Value: White=0.33/Black=0.86.  Loses game:     	---       	Black=1      Mistake:       	---       	Black=3      Inaccurate:     	White=2     	---        OK:         	White=2     	Black=4      Best:        	White=3     	Black=1} 1-0

[Event "Budapest Chess Festival 2024"]
[Site "Budapest"]
[Date "2024.05.24"]
[Round "2.8"]
[White "Cieslak, Patryk"]
[Black "Nasuta, Grzegorz"]
[Result "1/2-1/2"]
[ECO "B48"]
[WhiteElo "2369"]
[BlackElo "2547"]
[Annotator "TA"]
[PlyCount "105"]
[EventDate "2024.05.20"]
[EventType "swiss"]
[EventCountry "HUN"]
[SourceTitle "playchess.com"]
[Source "ChessBase"]
[SourceQuality "1"]
[TimeControl "40/5400+30:1800+30"]

1. e4 c5 2. Nf3 e6 3. d4 cxd4 4. Nxd4 Nc6 5. Nc3 Qc7 6. Be3 a6 7. Qf3 {[%emt 0:00:06] B48: Sicilian: Taimanov: 5 Nc3 Qc7 6 Be3 a6 without Be2.} h5 8. O-O-O b5 9. Qg3 Qxg3 10. hxg3 Bc5 11. Kb1 Bxd4 12. Bxd4 Nxd4 13. Rxd4 Ne7 $146 ({Predecessor:} 13... Bb7 14. a4 bxa4 15. Nxa4 e5 16. Rd2 Nf6 17. f3 Rh6 18. Nc5 Bc8 19. Nd3 d6 {½-½ Sevian,S (2684)-Gukesh,D (2732) Sharjah Masters 6th 2023 (7)}) 14. Be2 g6 15. g4 h4 16. g5 Bb7 17. a3 O-O-O 18. a4 Nc6 19. Rd3 b4 20. Na2 a5 21. Rdh3 d5 22. exd5 Rxd5 23. Rxh4 Rxh4 24. Rxh4 Rd2 25. Bf3 Nd4 26. Bxb7+ Kxb7 27. Nc1 $1 e5 28. c3 bxc3 29. bxc3 Nc6 30. f4 Rxg2 31. Rh7 Nd8 32. fxe5 Kb6 33. e6 fxe6 34. Rd7 Nb7 35. Nd3 Rxg5 36. Re7 Nc5 37. Nxc5 Rxc5 38. Rxe6+ Rc6 39. Re5 Rxc3 40. Rg5 $1 Rc6 41. Kb2 Ka6 42. Kb3 Rb6+ 43. Ka3 Rf6 44. Kb3 Re6 45. Ka3 Rb6 46. Ka2 Rf6 47. Kb3 $1 Rf3+ 48. Kb2 Rf2+ 49. Kb3 Rf3+ 50. Kb2 Rf2+ 51. Kb3 Rf3+ 52. Kb2 Rf2+ 53. Kb3 1/2-1/2

[Event "Budapest Chess Festival 2024"]
[Site "Budapest"]
[Date "2024.05.24"]
[Round "2.9"]
[White "Samunenkov, Ihor"]
[Black "Papp, Levente"]
[Result "1-0"]
[ECO "A46"]
[WhiteElo "2547"]
[BlackElo "2358"]
[Annotator "TA"]
[PlyCount "81"]
[EventDate "2024.05.20"]
[EventType "swiss"]
[EventCountry "HUN"]
[SourceTitle "playchess.com"]
[Source "ChessBase"]
[SourceQuality "1"]
[TimeControl "40/5400+30:1800+30"]

1. d4 Nf6 2. Nf3 e6 3. Bf4 c5 4. e3 d5 5. c3 Nc6 6. Nbd2 cxd4 7. exd4 Nh5 8. Be3 Bd6 9. Ne5 {[%emt 0:01:51] The position is equal.} Nf6 10. f4 Qb6 11. Qb3 Qxb3 12. axb3 Ng8 (12... Ne7 $11) 13. Nxc6 $16 {[%emt 0:20:40] Black is now going downhill.} bxc6 14. Ba6 Kd7 15. Ke2 Ne7 16. b4 Kc7 17. Bd3 h5 18. Nf3 Bd7 19. Ra6 Kb7 20. Rha1 Bc7 21. g3 f6 22. Nd2 Bb6 23. Nb3 Be8 24. Nc5+ Bxc5 25. dxc5 Bd7 {[%emt 0:04:12] Black is weak on the dark squares} 26. Kd2 {[%emt 0:04:08] White is much more active.} Nc8 {[%emt 0:01:36] [#]} (26... Rhf8 $16 27. R1a5 (27. Bd4 Rfe8 $16) 27... Rfc8) 27. b3 $1 $18 h4 28. g4 e5 $2 (28... Ne7 {might work better.} 29. c4 Rhd8) 29. fxe5 fxe5 30. Rf1 Be6 {[%emt 0:01:04] Prevents Rf7+.} (30... Be8 31. Bg5 Rb8) 31. b5 Ne7 32. b4 d4 (32... Rhc8 $142 33. Rfa1 d4) 33. cxd4 Rad8 34. Rfa1 Nc8 35. bxc6+ Kc7 36. b5 {[%emt 0:00:15] [#] Intending Rxa7+ and mate.} Rhf8 37. Rxa7+ {[%emt 0:00:32] White mates.} Nxa7 38. Rxa7+ Kb8 39. b6 Rde8 40. c7+ Kc8 41. Ba6+ {[%emt 0:00:30] Weighted Error Value: White=0.06 (flawless) /Black=0.51.  Mistake:       	---       	Black=5      Inaccurate:     	---       	Black=3      OK:         	White=14    	Black=7      Best:        	---       	Black=1} 1-0

[Event "Budapest Chess Festival 2024"]
[Site "Budapest"]
[Date "2024.05.24"]
[Round "2.10"]
[White "Lewtak, Damian"]
[Black "Hera, Imre Jr."]
[Result "0-1"]
[ECO "B41"]
[WhiteElo "2362"]
[BlackElo "2542"]
[Annotator "RC"]
[PlyCount "144"]
[EventDate "2024.05.20"]
[EventType "swiss"]
[EventCountry "HUN"]
[SourceTitle "playchess.com"]
[Source "ChessBase"]
[SourceQuality "1"]
[TimeControl "40/5400+30:1800+30"]

1. e4 c5 2. Nf3 e6 3. d4 cxd4 4. Nxd4 a6 5. c4 Nf6 6. Nc3 Qc7 7. Be2 b6 8. f3 Bb7 9. Be3 Be7 10. Qd2 O-O 11. O-O d6 12. Rfc1 Rc8 13. Kh1 Qd8 14. a4 Nc6 15. Nxc6 Bxc6 16. Bf1 Nd7 17. Qf2 Nc5 18. Rd1 a5 19. Nb5 Qf8 20. Ra3 Rd8 21. Bxc5 dxc5 22. Rad3 Rxd3 23. Rxd3 Bf6 24. Rd2 Rd8 25. b3 g5 26. Qe3 h6 27. Rxd8 Qxd8 28. Qd3 Bd4 29. Nxd4 Qxd4 30. Qc2 Kg7 31. h3 h5 32. Qc1 f6 33. Qe1 h4 34. g3 hxg3 35. Qxg3 e5 36. Qe1 Kf7 37. Bg2 Qd3 38. h4 Qxb3 39. hxg5 Qxc4 40. Qb1 Qb4 41. Qc1 Qb3 42. gxf6 Qe6 43. f4 Qxf6 44. f5 Ke7 45. Qc4 Bd7 46. Qb3 Be8 47. Kg1 Bf7 48. Qe3 Be8 49. Qb3 Kf8 50. Bf3 Qd6 51. Kg2 Bf7 52. Qe3 c4 53. Be2 Qc6 54. Bd1 c3 55. Bc2 Qc4 56. Kf3 Qd4 57. Qh6+ Ke7 58. Qh4+ Kd7 59. Qh7 Qc4 60. Ke3 Qc5+ 61. Ke2 Qe7 62. Qh6 Bc4+ 63. Bd3 Qc5 64. Qg7+ Kc6 65. Qh6+ Kb7 66. f6 c2 67. Qg7+ Ka6 68. Qg8 Ka7 69. Bxc4 c1=Q 70. Qf7+ Kb8 71. Qe8+ Qc8 72. Qxe5+ Qc7 0-1

[Event "Budapest Chess Festival 2024"]
[Site "Budapest"]
[Date "2024.05.24"]
[Round "2.11"]
[White "Ivanisevic, Ivan"]
[Black "Bodrogi, Bendeguz"]
[Result "1/2-1/2"]
[ECO "D31"]
[WhiteElo "2537"]
[BlackElo "2348"]
[Annotator "TA"]
[PlyCount "84"]
[EventDate "2024.05.20"]
[EventType "swiss"]
[EventCountry "HUN"]
[SourceTitle "playchess.com"]
[Source "ChessBase"]
[SourceQuality "1"]
[TimeControl "40/5400+30:1800+30"]

1. d4 d5 2. c4 e6 3. Nc3 a6 4. e3 Nf6 5. Nf3 b6 6. cxd5 exd5 7. Ne5 Bb7 8. Bd3 Bd6 9. O-O O-O 10. f4 c5 11. Qf3 Nc6 12. Qh3 {[%emt 0:02:18][%cal Oc3d5] [#] aiming for Nxd5!} g6 13. Nxc6 Bxc6 14. f5 Ne4 15. Nxe4 dxe4 16. Bc4 {[%emt 0:01:07] fxg6 is the strong threat.} Bb5 17. b3 Bxc4 18. bxc4 cxd4 {[%emt 0:06:52] [#]} 19. Bb2 $1 Be5 20. Rad1 Qc7 21. f6 (21. exd4 $6 Bh8 $11) (21. Bxd4 $16 {Qh6 would now be deadly.} Rfd8 22. Qh6 Rxd4 23. exd4) 21... h5 $36 {[%emt 0:01:08][%mdl 2048] Black has some pressure.} (21... Qxc4 $2 22. Qh6 (22. Bxd4 h5 $18) 22... Bxf6 23. Rxf6 $18) 22. exd4 Bd6 23. Ba3 (23. Qe3 $11 Rfe8 (23... Bxh2+ $2 24. Kh1 $18) (23... Qxc4 24. Qh6 Bxh2+ 25. Kh1) 24. Rc1 (24. Qh6 $2 Bf8 $19)) 23... Rfe8 (23... Bxa3 $15 24. Qxa3 Qxc4) 24. Bxd6 Qxd6 25. Qe3 Rac8 26. Qh6 ({White should play} 26. Rc1 $1 $11) 26... Qf8 $1 $15 27. Qxf8+ Kxf8 {[%emt 0:00:19][%mdl 4096] Endgame. KRR-KRR} 28. Rc1 e3 29. d5 Rc5 (29... b5 $17 30. Rf4 (30. c5 $2 Re5 $19) 30... bxc4) 30. Rfe1 $11 Re4 31. Kf1 Rcxc4 (31... Rexc4 32. Rxc4 Rxc4 33. Rxe3 $17) (31... Rexc4 {simplifies} 32. Rxc4 Rxc4 33. Rxe3 Rd4) 32. Ke2 b5 33. Rxc4 {[%emt 0:01:23] The position is equal.} bxc4 {[%emt 0:00:06] KR-KR} 34. Rb1 Ke8 35. Rb8+ Kd7 {[%emt 0:00:02] And now ...c3 would win.} 36. Rb7+ Kd6 37. Rxf7 c3 {[%emt 0:00:59][%cal Oc3c2] ( -> ...c2!)} 38. Rf8 $1 {[%emt 0:00:45] Strongly threatening Rd8+.} c2 (38... Kxd5 $2 {perishes.} 39. Rd8+ (39. f7 Rf4 $18) 39... Kc5 40. f7 $18) 39. Rc8 Kxd5 {[%emt 0:01:34] Threatens to win with ...Rc4.} 40. Rxc2 (40. f7 $5 Rf4 $8 41. Kxe3 Rxf7 42. Rxc2 $11) 40... Rf4 41. Kxe3 Rxf6 42. h4 Ke5 {Weighted Error Value: White=0.10 (very precise) /Black=0.14 (very precise) .  Mistake:       	White=3     	Black=2      Inaccurate:     	White=1     	Black=2      OK:         	White=12    	Black=11     Best:        	White=5     	Black=2      Strong:       	White=2     	Black=1} 1/2-1/2

[Event "Budapest Chess Festival 2024"]
[Site "Budapest"]
[Date "2024.05.24"]
[Round "2.12"]
[White "Filip, Lucian-Ioan"]
[Black "Mihok, Oliver"]
[Result "1/2-1/2"]
[ECO "B03"]
[WhiteElo "2353"]
[BlackElo "2528"]
[Annotator "TA"]
[PlyCount "97"]
[EventDate "2024.05.20"]
[EventType "swiss"]
[EventCountry "HUN"]
[SourceTitle "playchess.com"]
[Source "ChessBase"]
[SourceQuality "1"]
[TimeControl "40/5400+30:1800+30"]

1. e4 Nf6 2. e5 Nd5 3. d4 d6 4. c4 Nb6 5. f4 g6 6. Nc3 Bg7 7. Be3 Be6 8. b3 dxe5 9. dxe5 {[%emt 0:01:36] Hoping for Qxd8+.} Nc6 10. Nf3 f6 11. exf6 exf6 12. Nd4 (12. Qxd8+ $11 Rxd8 13. Kf2) 12... Nxd4 $15 13. Qxd4 Qe7 $1 14. Qc5 Qxc5 15. Bxc5 O-O-O 16. Be3 (16. Rd1 $11 {remains equal.}) 16... Bg4 (16... f5 $17 17. Rc1 Nd7) 17. h3 f5 18. Rc1 Bh5 {[%emt 0:02:43] next ...Rhe8 is good for Black.} 19. Be2 (19. Kf2 $11) 19... Rhe8 $17 20. Kf2 {[%emt 0:00:14] [#] Black must now prevent g4.} Rxe3 $1 21. Kxe3 Bd4+ 22. Kd3 {[%emt 0:00:11] Threatens to win with g4.} Bxc3+ 23. Kxc3 {[%emt 0:00:03] g4 is the strong threat.} Bxe2 24. Rhe1 Bh5 (24... Bd3 $17 {And now ...Be4 would win.} 25. Re7 Be4 26. Rxh7 c5 (26... Bxg2 27. Rg1 $11) (26... Rd3+ 27. Kb4 $17)) 25. Re7 Nd7 $1 26. Rxh7 Nf6 27. Re7 Ne4+ 28. Rxe4 fxe4 {[%emt 0:00:04][%mdl 4096] Endgame. KRB-KR} 29. g4 Rd3+ 30. Kc2 {[%emt 0:00:27] [#]} Rf3 $1 31. gxh5 (31. Rg1 Rxf4) 31... gxh5 {[%emt 0:00:08] KR-KR} (31... Rxh3 $2 {too greedy.} 32. hxg6 Kd7 33. Rg1 $18) 32. Kd2 Kd7 ({Resist} 32... Rxh3 33. Re1 $17) (32... Rxf4 $17 33. Ke3 Rh4) 33. Rg1 $15 Rxh3 34. Rg7+ $1 Kd6 35. Rg6+ {[%emt 0:00:23] [#]} Kc5 (35... Ke7 $1 $17 36. Rg7+ Kd6) 36. Rg5+ $11 {[%emt 0:00:03] The position is equal.} Kb6 37. Re5 Rh2+ 38. Ke3 h4 39. Rh5 Rxa2 40. Rxh4 Rb2 41. f5 {[%emt 0:04:10] f6 would now be deadly.} Rxb3+ 42. Kxe4 {[%emt 0:00:07] aiming for f6.} Kc6 43. f6 {[%emt 0:15:05] Intending f7 and mate.} Kd7 $1 44. Kf5 Rf3+ 45. Kg6 Rg3+ 46. Kf5 Rf3+ 47. Kg6 Rg3+ 48. Kf5 Rf3+ 49. Ke4 $2 {[%mdl 40960] Weighted Error Value: White=0.13 (very precise) /Black=0.09 (flawless) .  Loses game:     	White=1     	---        Mistake:       	White=3     	Black=4      Inaccurate:     	White=2     	Black=1      OK:         	White=18    	Black=16     Best:        	White=2     	Black=5      Strong:       	White=1     	Black=3     . An unexpected result.} (49. Kg6 $11 {and White has nothing to worry.}) 1/2-1/2

[Event "Budapest Chess Festival 2024"]
[Site "Budapest"]
[Date "2024.05.24"]
[Round "2.13"]
[White "Yaniv, Yuval"]
[Black "Kantor, Gergely"]
[Result "*"]
[ECO "C88"]
[WhiteElo "2337"]
[BlackElo "2527"]
[Annotator "RC"]
[PlyCount "38"]
[EventDate "2024.05.20"]
[EventType "swiss"]
[EventCountry "HUN"]
[SourceTitle "playchess.com"]
[Source "ChessBase"]
[SourceQuality "1"]
[TimeControl "40/5400+30:1800+30"]

1. e4 e5 2. Nf3 Nc6 3. Bb5 a6 4. Ba4 Nf6 5. O-O Be7 6. Re1 b5 7. Bb3 O-O 8. h3 Bb7 9. d3 Re8 10. Nbd2 Bf8 11. a4 h6 12. c3 Na5 13. Bc2 c5 14. Nf1 d5 15. exd5 Qxd5 16. axb5 axb5 17. d4 exd4 18. Re5 Re7 19. Rxe7 Ne8 *

[Event "Budapest Chess Festival 2024"]
[Site "Budapest"]
[Date "2024.05.24"]
[Round "2.13"]
[White "Yaniv, Yuval"]
[Black "Kantor, Gergely"]
[Result "0-1"]
[ECO "C88"]
[WhiteElo "2337"]
[BlackElo "2527"]
[Annotator "TA"]
[PlyCount "60"]
[EventDate "2024.05.20"]
[EventType "swiss"]
[EventCountry "HUN"]
[SourceTitle "playchess.com"]
[Source "ChessBase"]
[SourceQuality "1"]
[TimeControl "40/5400+30:1800+30"]

1. e4 e5 2. Nf3 Nc6 3. Bb5 a6 4. Ba4 Nf6 5. O-O Be7 6. Re1 b5 7. Bb3 O-O 8. h3 Bb7 9. d3 Re8 10. Nbd2 Bf8 11. a4 h6 12. c3 {[%emt 0:01:29] The position is equal.} Na5 13. Bc2 c5 14. Nf1 d5 15. exd5 Qxd5 16. axb5 axb5 17. d4 exd4 18. Rxe8 Nxe8 19. cxd4 c4 20. Ne3 Qd8 21. Ng4 Nf6 22. Nge5 Be4 (22... Bd5 $17) 23. Bxe4 Nxe4 24. Bf4 (24. Be3 $11) 24... Nb3 $17 25. Rxa8 Qxa8 26. d5 (26. Nd7 $17) 26... Bd6 $19 27. Be3 $2 {[%emt 0:01:12] [#] This costs White the game.} (27. g3 $17) 27... Qa2 28. Bd4 $2 (28. Nc6 Qxb2 29. Ne1) 28... Nxd4 {[%emt 0:01:42] Black is clearly winning.} 29. Qxd4 Qb1+ 30. Kh2 Bc5 {[%emt 0:00:30] Weighted Error Value: White=0.81/Black=0.09 (flawless) .  Loses game:     	White=1     	---        Mistake:       	White=3     	Black=1      Inaccurate:     	White=5     	Black=1      OK:         	White=3     	Black=7      Best:        	White=1     	Black=2} 0-1

[Event "Budapest Chess Festival 2024"]
[Site "Budapest"]
[Date "2024.05.24"]
[Round "2.14"]
[White "Szpar, Milosz"]
[Black "Sinz, Bernhard"]
[Result "1-0"]
[ECO "C63"]
[WhiteElo "2512"]
[BlackElo "2335"]
[Annotator "TA"]
[PlyCount "103"]
[EventDate "2024.05.20"]
[EventType "swiss"]
[EventCountry "HUN"]
[SourceTitle "playchess.com"]
[Source "ChessBase"]
[SourceQuality "1"]
[TimeControl "40/5400+30:1800+30"]

1. e4 e5 2. Nf3 Nc6 3. Bb5 f5 4. d3 fxe4 5. dxe4 Nf6 6. O-O Bc5 7. Bxc6 bxc6 8. Nxe5 O-O 9. Nc3 d6 10. Na4 {[%emt 0:05:11] Black must now prevent Nxc5. A dynamic duo of knights.} Qe8 11. Nd3 Bd4 {[%emt 0:01:34][%cal Oc8g4] White is slightly better.} 12. c3 Bb6 13. Nxb6 axb6 14. Re1 c5 (14... Nxe4 $2 15. f3 $18) 15. c4 Bb7 16. f3 Qf7 17. b3 Rae8 18. Bd2 Nh5 19. a4 Bc6 20. Kh1 Qf6 21. Qc1 h6 22. Bc3 Qh4 23. Re3 g5 24. Qe1 Qxe1+ 25. Raxe1 ({Of course not} 25. Nxe1 $6 Rxe4 26. Rxe4 Bxe4 $11) 25... Nf4 26. Nxf4 Rxf4 27. h3 Kh7 28. Kg1 Kg6 29. Kf2 Rf7 30. Kg3 Rfe7 31. Rd3 h5 32. h4 g4 33. Bd2 {[%emt 0:03:28] White is more active.} (33. fxg4 Rxe4 34. Rxe4 Rxe4 $14) 33... Re6 34. Bg5 ({Don't take} 34. fxg4 Rxe4 35. Rxe4 Rxe4 $14) 34... Re5 35. Rde3 gxf3 36. gxf3 Kf7 37. Kf2 R5e6 38. Ke2 Ra8 39. Kd3 Ree8 40. f4 Bd7 41. f5 c6 $2 {[%emt 0:06:47] [#]} (41... Rac8 42. Kd2 Rf8) 42. Kc3 $18 b5 (42... Rac8 {keeps fighting.} 43. Rd1 d5 44. cxd5 (44. exd5 Rxe3+ 45. Bxe3 Bxf5 $18) 44... cxd5 45. Rxd5 Bc6) 43. Rd1 {[%emt 0:08:58] White is clearly winning.} d5 44. cxd5 bxa4 45. dxc6 Bxc6 46. e5 Rab8 47. e6+ Kg8 48. bxa4 Bxa4 {[%emt 0:00:24] [#] Hoping for ...Rb3+.} 49. Ra1 Rb3+ 50. Kd2 Rb2+ (50... Rxe3 $142 51. Kxe3 Bd7) 51. Ke1 Bb3 52. Bf6 {[%emt 0:00:23] Weighted Error Value: White=0.28 (precise) /Black=0.24 (precise) .  Mistake:       	---       	Black=2      Inaccurate:     	---       	Black=3      OK:         	White=21    	Black=9      Best:        	White=3     	Black=1} 1-0

[Event "Budapest Chess Festival 2024"]
[Site "Budapest"]
[Date "2024.05.24"]
[Round "2.15"]
[White "Kacprzak, Karol"]
[Black "Parkhov, Yair"]
[Result "0-1"]
[ECO "B90"]
[WhiteElo "2333"]
[BlackElo "2510"]
[Annotator "ChessBase"]
[PlyCount "224"]
[EventDate "2024.05.20"]
[EventType "swiss"]
[EventCountry "HUN"]
[SourceTitle "playchess.com"]
[Source "ChessBase"]
[SourceQuality "1"]
[TimeControl "40/5400+30:1800+30"]

1. e4 c5 2. Nf3 d6 3. d4 cxd4 4. Nxd4 Nf6 5. Nc3 a6 6. Bd3 g6 7. f3 e5 8. Nb3 Be6 9. Be3 Nbd7 10. a4 h5 11. O-O Bh6 12. Bxh6 Rxh6 13. Qd2 Rh8 14. a5 Qc7 15. Rfd1 h4 16. Bf1 Ke7 17. Qf2 g5 18. h3 Rad8 19. Rd2 Nc5 20. Nxc5 Qxc5 21. Qxc5 dxc5 22. Rxd8 Rxd8 23. Na4 Rc8 24. b3 Rc6 25. Rd1 Ne8 26. Kf2 Nd6 27. Nb6 Nc8 28. Na4 Rc7 29. Be2 f6 30. Rd2 Rc6 31. Rd1 Bf7 32. Ke1 Be6 33. Kf2 Na7 34. Nb6 Rd6 35. Rxd6 Kxd6 36. Bc4 Nc8 37. Nxc8+ Bxc8 38. Bd3 Be6 39. c4 Kc6 40. Ke3 b6 41. axb6 Kxb6 42. Kd2 a5 43. Kc3 Bf7 44. Be2 Bg6 45. Bd3 Be8 46. Bc2 Bd7 47. Bb1 Kc7 48. Bc2 Kd6 49. Kd2 a4 50. bxa4 Kc7 51. Kc3 Kb6 52. Kb3 Ka5 53. Ka3 Bc8 54. Bb1 Bb7 55. Bc2 Bc6 56. Bd1 Be8 57. Bb3 Bf7 58. Ba2 Be6 59. Kb3 f5 60. Bb1 f4 61. Bd3 Bd7 62. Ka3 Bxa4 63. Be2 Be8 64. Bd3 Bc6 65. Bc2 Bd7 66. Bd1 Bc8 67. Be2 Be6 68. Bd3 Bd7 69. Bf1 Kb6 70. Be2 Kc7 71. Bd1 Kd6 72. Kb3 Kc6 73. Ka3 Kc7 74. Kb3 Kb6 75. Kb2 Ka5 76. Kc3 Bc6 77. Bc2 Be8 78. Bb3 Ba4 79. Ba2 Bd7 80. Bb1 g4 81. hxg4 Bxg4 82. Bd3 h3 83. gxh3 Bxf3 84. h4 Kb6 85. Kd2 Kc7 86. Ke1 Kd6 87. Kf2 Bd1 88. Bf1 Ke7 89. Bh3 Bb3 90. Bf1 Bc2 91. Kf3 Bd1+ 92. Kf2 Kf6 93. Bh3 Bc2 94. Kf3 Bd3 95. Bf5 Bxc4 96. Bg4 Be6 97. Bh5 Bc4 98. Kf2 Kg7 99. Bf3 Kh6 100. Ke1 Bf7 101. Kd2 Bh5 102. Bg2 Bg4 103. Kc3 Be2 104. Kd2 f3 105. Bh1 Kh5 106. Ke3 Kxh4 107. Bxf3 Bxf3 108. Kxf3 Kh3 109. Ke3 Kg3 110. Kd3 Kf3 111. Kc4 Kxe4 112. Kxc5 Kd3 0-1